 Dungeon Crawl Stone Soup version 0.29-a0-409-gd843f3a48c (webtiles) character file.

Game seed: 2414805644343686893

14513 runemasterragnar the Transmogrifier (level 11, -1/82 HPs)
             Began as a Red Draconian Transmuter on May 15, 2022.
             Was a Priest of Vehumet.
             Succumbed to a hornet's poison
             ... while paralysed by a hornet
             ... on level 10 of the Dungeon.
             The game lasted 00:31:58 (11250 turns).

runemasterragnar the Transmogrifier (DrTm)         Turns: 11250, Time: 00:31:59

Health: -1/82      AC:  7    Str: 12    XL:     11   Next: 89%
Magic:  6/15       EV:  2    Int: 17    God:    Vehumet [***...]
Gold:   4325       SH:  0    Dex: 13    Spells: 1/16 levels left

rFire   + . .      SeeInvis .     - Unarmed
rCold   . . .      Faith    .   (no shield)
rNeg    . . .      Spirit   .   (body armour unavailable)
rPois   .          Reflect  .   (helmet restricted)
rElec   .          Harm     .   (no cloak)
rCorr   .          Rampage  .   (no gloves)
Will    .....                   (no boots)
Stlth   ..........              c - amulet of regeneration
HPRegen 1.03/turn               (no ring)
MPRegen 0.14/turn               (no ring)

@: paralysed, mighty, lethally poisoned (-1 -> -8), silenced, slightly
contaminated, slowed
A: breathe fire, AC +7, unfitting armour, fire resistance 1, cold-blooded
a: Breathe Fire, Renounce Religion


You were on level 10 of the Dungeon.
You worshipped Vehumet.
Vehumet was most pleased with you.
You visited 2 branches of the dungeon, and saw 11 of its levels.
You also visited: Ossuary and Bailey.

You collected 4741 gold pieces.
You spent 416 gold pieces at shops.

Inventory:

Missiles
 A - a throwing net
Armour
 r - a +0 pair of boots
Magical Staves
 y - a staff of air
Jewellery
 a - a +4 ring of protection
 c - an amulet of regeneration (around neck)
 w - an amulet of faith
 B - an amulet of the acrobat
 D - the ring "Ylusti" {rPois rC+++ Str-5 SInv Stlth-}
   (You found it on level 8 of the Dungeon)

   [ring of poison resistance]

   Str:       It affects your strength (-5).
   rC:        It renders you almost immune to cold.
   rPois:     It protects you from poison.
   SInv:      It lets you see invisible.
   Stlth:     It makes you less stealthy.
Wands
 u - a wand of digging (9)
 v - a wand of mindburst (12)
 x - a wand of flame (28)
 H - a wand of acid (2)
 I - a wand of charming (2)
Scrolls
 b - 5 scrolls of enchant armour
 d - 2 scrolls of vulnerability
 e - 4 scrolls of fog
 f - 3 scrolls of teleportation
 i - a scroll of brand weapon {unknown}
 l - 2 scrolls of noise
 n - a scroll of poison
 o - 2 scrolls of fear {unknown}
 s - a scroll of amnesia
 C - a scroll of silence
 E - a scroll of blinking
 G - 3 scrolls of enchant weapon {unknown}
Potions
 g - 3 potions of resistance
 h - 2 potions of haste
 j - 3 potions of attraction
 k - 2 potions of heal wounds
 m - 2 potions of degeneration
 p - 2 potions of brilliance
 q - 5 potions of curing
 t - 3 potions of might
 z - 2 potions of flight
Miscellaneous
 F - a phantom mirror


   Skills:
 - Level 3.1 Fighting
 - Level 2.9 Dodging
 - Level 3.9 Unarmed Combat
 - Level 3.0 Spellcasting
 * Level 13.6 Transmutations
 * Level 12.8 Earth Magic


You had one spell level left.
You knew the following spells:

 Your Spells              Type           Power      Damage    Failure   Level
a - Beastly Appendage     Tmut           96%        N/A       1%          1
b - Wereblood             Tmut           48%        N/A       1%          2
c - Statue Form           Tmut/Erth      31%        N/A       12%         6
d - Lee's Rapid Deconstr  Erth           23%        3d14*     1%          5
e - Sandblast             Erth           92%        2d19      1%          1

Your spell library contained the following spells:

 Spells                   Type           Power      Damage    Failure   Level
 Fulminant Prism          Conj/Hex       1%         3d6       38%         4
 Foxfire                  Conj/Fire      8%         2x1d4     4%          1
 Stone Arrow              Conj/Erth      48%        3d10      1%          3
 Spider Form              Tmut/Pois      25%        N/A       3%          3
 Poisonous Vapours        Pois/Air       4%         N/A       7%          2
 Ice Form                 Ice/Tmut       25%        N/A       11%         4
 Leda's Liquefaction      Hex/Erth       12%        N/A       12%         4
 Conjure Flame            Conj/Fire      2%         6-21      13%         3
 Inner Flame              Hex/Fire       2%         N/A       13%         3
 Corpse Rot               Necr/Air       4%         N/A       26%         2
 Borgnjor's Vile Clutch   Necr/Erth      12%        N/A       34%         5
 Flame Wave               Conj/Fire      2%         2d4       38%         4
 Iron Shot                Conj/Erth      12%        9d3       41%         6
 Tukima's Dance           Hex            2%         N/A       45%         3
 Anguish                  Hex/Necr       1%         N/A       86%         4
 Cause Fear               Hex            1%         N/A       86%         4
 Dispel Undead            Necr           2%         3d7       86%         4
 Death Channel            Necr           1%         N/A       100%        6
 Enfeeble                 Hex            1%         N/A       100%        7
 Discord                  Hex            1%         N/A       100%        8
 Lehudib's Crystal Spear  Conj/Erth      12%        10d4      100%        8


Dungeon Overview and Level Annotations

Branches:
Dungeon (10/15)            Temple (1/1) D:4            Lair (0/6) D:9
    Orc (0/2) D:10        Ossuary (visited)          Bailey (visited)

Altars:
Ashenzari
Dithmenos
Elyvilon
Fedhas
Gozag
Hepliaklqana
Kikubaaqudgha
Makhleb
Nemelex Xobeh
Okawaru
Qazlal
Ru
Sif Muna
Trog
Uskayaw
Vehumet
Wu Jian
Xom
Yredelemnul
Zin
The Shining One

Shops:
D:1 :   D:4 !

Annotations:
D:4 2 transporters, chamandro's ghost, novice FoVM


Innate Abilities, Weirdness & Mutations

You can breathe blasts of fire.
Your fiery red scales are hard. (AC +7)
You cannot fit into any form of body armour.
Your flesh is heat resistant. (rF+)
You are cold-blooded and may be slowed by cold attacks.


Message History

You feel much better. The hornet completely misses you.
The hornet closely misses you. The hornet stings you.
You feel as though you will be slow longer.
You feel less contaminated with magical energies.
Aiming: Corrosive Bolt
Press: ? - help, Shift-Dir - straight line, f/p - hornet
Aim: a hornet (silenced, moderately wounded, 57% to hit)
The bolt of acid hits the hornet.
The hornet is heavily wounded.
The hornet stings you!
You are poisoned.
You feel as though you will be slow longer.
The hornet barely misses you.
Unknown command.
Aiming: Corrosive Bolt
Press: ? - help, Shift-Dir - straight line, f/p - hornet
Aim: a hornet (silenced, heavily wounded, 57% to hit)
The bolt of acid misses the hornet.
You feel very sick. The hornet barely misses you.
The hornet stings you but does no damage.
Unknown command.
Aiming: Charm
Press: ? - help, Shift-Dir - straight line, f/p - hornet
Aim: a hornet (silenced, heavily wounded, chance to affect: 39%)
The hornet resists with some effort.
You have got your breath back.
You feel very sick. The hornet stings you!
* * * LOW HITPOINT WARNING * * *
You feel as though you will be slow longer.
The hornet stings you!
* * * LOW HITPOINT WARNING * * *
You suddenly lose the ability to move!
You feel sick. The hornet stings you!
* * * LOW HITPOINT WARNING * * *
You are lethally poisoned!
You shrug off the repeated paralysis!
The hornet stings you but does no damage.
You die...

*,,,,,,* *.............
*,,,,,,* *.............
*,,,..,* *.............
*,,....* *.............
*,,....########..........)..
*,,.........................
*,,.........................
*,,.......y....##########'##
*,,........@...'............
*,,........))..#............
*,,,...###'#####............
*,,,.,,#....................
*,<,,,,+<...[...............
*,,,,,,#....................
*,,,,,,#########............
*,,,,,,*,,,,,,*#......###...
*,,,,,,*,,,,,,*#......###...


You could see a hornet.

Vanquished Creatures
  An orc warlord (Bailey)
  A centaur warrior (D:10)
  4 two-headed ogres
  Pikel (D:7)
  The ghost of SirDiesAlot the Covert, a novice SpEn of Dithmenos (D:8)
  2 hornets (D:9)
  2 shadows
  Sigmund (D:2)
  A wraith (D:10)
  A ynoxinul (D:8)
  16 yaks
  Grum (D:8)
  A steam dragon (D:9)
  A water moccasin (D:5)
  5 orc warriors
  2 black bears
  An ice beast (D:7)
  4 sky beasts
  8 centaurs
  An ogre (D:5)
  2 wolves
  3 elf zombies (Ossuary)
  2 kobold brigands
  3 phantoms
  2 bullfrogs
  A gnoll sergeant (D:8)
  5 necrophages
  2 scorpions
  17 wights
  5 killer bees (D:9)
  5 howler monkeys
  4 bullfrog zombies (D:6)
  4 human zombies
  7 centaur zombies
  3 jellies
  5 orc priests
  4 hounds (D:6)
  5 iguanas
  4 orc wizards
  5 mummies
  Robin (D:2)
  17 gnolls
  5 adders
  A shadow imp (D:7)
  2 white imps
  3 dart slugs
  34 orcs
  5 ball pythons
  4 bats
  6 endoplasms
  4 giant cockroaches
  20 goblins
  10 hobgoblins
  8 jackals
  25 kobolds
  2 quokkas
  2 frilled lizards (D:1)
  6 rats
298 creatures vanquished.

Vanquished Creatures (others)
  A sky beast (D:7)
  A fungus (D:1)
  2 plants (D:8)
4 creatures vanquished.

Grand Total: 302 creatures vanquished

Notes
Turn   | Place    | Note
-------+----------+-------------------------------------------
     0 | D:1      | runemasterragnar the Draconian Transmuter began the quest
                  | for the Orb.
     0 | D:1      | Reached XP level 1. HP: 16/16 MP: 3/3
   225 | D:1      | Reached XP level 2. HP: 18/23 MP: 3/5
   324 | D:1      | Found a faded altar of an unknown god.
   628 | D:1      | Reached XP level 3. HP: 29/29 MP: 4/6
   655 | D:1      | Found Locevva's Book Emporium.
  1002 | D:2      | Noticed Robin
  1011 | D:2      | Killed Robin
  1338 | D:2      | Reached skill level 3 in Transmutations
  1338 | D:2      | Reached XP level 4. HP: 36/36 MP: 7/7
  1458 | D:2      | Noticed Sigmund
  1492 | D:1      | Learned a level 2 spell: Wereblood
  1496 | D:1      | Learned a level 3 spell: Spider Form
  1513 | D:2      | Killed Sigmund
  1514 | D:2      | Reached XP level 5. HP: 39/42 MP: 2/9
  1814 | D:2      | Reached skill level 4 in Transmutations
  2009 | D:3      | Found a broken altar of Ashenzari.
  2116 | D:3      | Identified a scroll of acquirement
  2116 | D:3      | Acquired 681 gold pieces
  2369 | D:1      | Bought a book of the Earth for 360 gold pieces
  2498 | D:4      | Found a transporter.
  2500 | D:4      | Found a transporter.
  2500 | D:4      | Noticed chamandro's ghost (novice FoVM)
  2501 | D:4      | Noticed an ogre
  2528 | D:4      | Reached XP level 6. HP: 50/50 MP: 8/10
  2685 | D:5      | Entered Level 5 of the Dungeon
  2714 | D:5      | Found a sand-covered staircase.
  2720 | Ossuary  | Entered an ossuary
  2727 | Ossuary  | Learned a level 5 spell: Lee's Rapid Deconstruction
  2811 | Ossuary  | Reached skill level 1 in Earth Magic
  2822 | Ossuary  | Your scales start taking on a fiery red colour.
  2822 | Ossuary  | Reached XP level 7. HP: 57/57 MP: 7/11
  2822 | Ossuary  | Gained mutation: Your flesh is heat resistant. (rF+) [Red
                  | Draconian growth]
  2830 | Ossuary  | Reached skill level 5 in Transmutations
  2947 | Ossuary  | Reached skill level 6 in Transmutations
  3218 | D:4      | Found a staircase to the Ecumenical Temple.
  3245 | D:4      | Reached XP level 8. HP: 27/63 MP: 6/12
  3309 | D:4      | Found Vuluis's Distillery.
  3316 | D:4      | Bought a potion of might for 56 gold pieces
  3463 | D:5      | Noticed a two-headed ogre
  3466 | D:5      | Noticed a two-headed ogre
  3687 | D:6      | Reached skill level 5 in Earth Magic
  3696 | D:6      | Reached skill level 7 in Transmutations
  3982 | D:6      | Found a basalt altar of Yredelemnul.
  3994 | D:6      | Reached skill level 8 in Transmutations
  4041 | D:6      | Reached XP level 9. HP: 68/69 MP: 13/13
  4426 | D:6      | Noticed a two-headed ogre
  4464 | D:6      | Killed a two-headed ogre
  4465 | D:6      | Reached skill level 9 in Transmutations
  5262 | D:7      | Reached skill level 10 in Transmutations
  5732 | D:7      | Reached XP level 10. HP: 75/77 MP: 12/14
  6227 | Temple   | Entered the Ecumenical Temple
  6692 | D:5      | HP: 1/77 [two-headed ogre/+0 giant spiked club (24)]
  6769 | D:5      | Found a radiant altar of Vehumet.
  6784 | D:5      | Became a worshipper of Vehumet
  6956 | D:8      | Found Muk Cuh's Weapon Boutique.
  7284 | D:5      | Killed a two-headed ogre
  7508 | D:5      | Killed a two-headed ogre
  7567 | D:5      | Found an iron altar of Okawaru.
  7571 | D:5      | Reached skill level 10 in Earth Magic
  7577 | D:5      | Reached skill level 11 in Transmutations
  8021 | D:5      | Reached * piety under Vehumet
  8021 | D:5      | Offered knowledge of Sandblast by Vehumet.
  8118 | D:5      | Learned a level 6 spell: Statue Form
  8626 | D:8      | Noticed Pikel
  8832 | D:7      | Killed Pikel
  8874 | D:8      | Reached XP level 11. HP: 66/82 MP: 10/15
  8888 | D:8      | Noticed Grum
  8897 | D:8      | Killed Grum
  8898 | D:8      | Reached skill level 12 in Transmutations
  9004 | D:8      | Noticed SirDiesAlot's ghost (novice SpEn)
  9011 | D:8      | Found a runed translucent door.
  9034 | D:8      | Killed SirDiesAlot's ghost
  9043 | D:8      | Got the Disquisition on the Mountains
  9097 | D:8      | Found an opulent altar of Gozag.
  9119 | D:8      | Learned a level 1 spell: Sandblast
  9169 | D:8      | Reached ** piety under Vehumet
  9169 | D:8      | Offered knowledge of Foxfire by Vehumet.
  9251 | D:8      | Identified the ring "Ylusti" {rPois rC+++ Str-5 SInv
                  | Stlth-}
  9281 | D:8      | Found a glowing silver altar of Zin.
  9529 | D:9      | Found a staircase to the Lair.
  9933 | D:9      | Found a stormy altar of Qazlal.
 10004 | D:9      | Acquired 1151 gold pieces
 10225 | D:10     | Entered Level 10 of the Dungeon
 10237 | D:10     | Noticed a two-headed ogre
 10243 | D:10     | Killed a two-headed ogre
 10247 | D:10     | Noticed a centaur warrior
 10255 | D:10     | Killed a centaur warrior
 10326 | D:10     | Found a flagged portal.
 10344 | Bailey   | Entered a bailey
 10350 | Bailey   | Noticed an orc warlord
 10356 | Bailey   | Offered knowledge of Static Discharge by Vehumet.
 10382 | Bailey   | Reached skill level 13 in Transmutations
 10396 | Bailey   | Reached *** piety under Vehumet
 10413 | Bailey   | Found a runed translucent gate.
 10414 | Bailey   | Found a runed translucent gate.
 10416 | Bailey   | Found a runed translucent gate.
 10537 | Bailey   | Acquired 1214 gold pieces
 10567 | Bailey   | Killed an orc warlord
 10630 | Bailey   | Acquired 759 gold pieces
 10849 | D:10     | Offered knowledge of Fulminant Prism by Vehumet.
 11077 | D:10     | Found a staircase to the Orcish Mines.
 11237 | D:10     | Paralysed by a hornet for 1 turns
 11240 | D:10     | Paralysed by a hornet for 3 turns
 11248 | D:10     | Paralysed by a hornet for 3 turns
 11249 | D:10     | HP: 1/82 [hornet (7)]
 11250 | D:10     | Succumbed to a hornet's poison

Illustrated notes

Levels and vault maps discovered:
D:1:      nagdon_arrival_double_spiral, layout_basic, serial_shops,
          nicolae_shop_window_shopping, shapermc_ecumenical_altar_acropolis
D:2:      layout_loops_cross, uniq_robin, uniq_sigmund
D:3:      layout_rooms, nicolae_ashenzari_skybound
D:4:      layout_rooms, minmay_temple_entry_glass, serial_shops,
          nicolae_shop_trees, gammafunk_ghost_arena
D:5:      minmay_razor_zed, layout_gridville, vehumet_altar_wand_db,
          okawaru_altar_gauntlet_db, nicolae_ossuary_entry_plus,
          minmay_chambers_of_fives
D:6:      layout_basic, lemuel_mausoleum_altar_yredelemnul
D:7:      layout_layer_cave, minmay_fractal_squares_gapless_5
D:8:      layout_gridville, pdpol_temple_overflow_zin_treasury_gozag_greed,
          hellmonk_ghost_big_iron, serial_shops,
          nicolae_shop_competitors_out_of_business, serial_bayou_pond_a,
          uniq_pikel, uniq_grum
D:9:      layout_gridville, grunt_qazlal_clouds, lair_entry_dummy,
          minmay_misc_feat_nine_boxes
D:10:     layout_gridville, cheibrodos_worm_habitat, orc_0_dummy,
          enter_bailey_3, item_on_display_a
Temple:   eino_temple_lava

Skill      XL: |  1  2  3  4  5  6  7  8  9 10 11 |
---------------+----------------------------------+-----
Dodging        | 2 |  2.9
Fighting       | 2 3 |  3.1
Transmutations | 3 4 6 8 10 11 13 | 13.6
Spellcasting   | 3 |  3.0
Earth Magic    | 1 4 6 9 11 12 | 12.8
Unarmed Combat | |  3.9

Action                   |  1- 3 |  4- 6 |  7- 9 | 10-12 || total
-------------------------+-------+-------+-------+-------++-------
Melee: Unarmed           |   107 |   129 |   404 |   494 ||  1134
       Tailslap          |     9 |    11 |    37 |    67 ||   124
       Kick              |    17 |    17 |    64 |    18 ||   116
       Headbutt          |    10 |    15 |    35 |    11 ||    71
       Punch             |     1 |     2 |     6 |    18 ||    27
 Cast: Beastly Appendage |    19 |    12 |    20 |     9 ||    60
       Spider Form       |       |     4 |    18 |    13 ||    35
       Wereblood         |       |     2 |    13 |    13 ||    28
       Lee's Rapid Decon |       |       |     2 |       ||     2
       Statue Form       |       |       |       |    26 ||    26
 Abil: Breathe Fire      |       |       |    11 |     4 ||    15
       End Transformatio |       |       |       |     2 ||     2
Evoke: Wand              |       |       |       |     3 ||     3
  Use: Scroll            |     3 |    15 |     1 |    10 ||    29
       Potion            |     1 |     1 |     1 |     8 ||    11
Armor: Skin              |    48 |    27 |   101 |   389 ||   565
Dodge: Dodged            |    73 |   106 |   266 |   608 ||  1053

Table legend: (Time is in decaauts)
 A = Elapsed time spent in this place.
 B = Non-inter-level travel time spent in this place.
 C = Inter-level travel time spent in this place.
 D = Time resting spent in this place.
 E = Time spent auto-exploring this place.
 F = Levels seen in this place.
 G = Mean time per level.
                   A        B        C        D        E       F      G
               +--------+--------+--------+--------+--------+-----+--------+
         Total |  11796 |  11128 |    668 |    973 |   7056 |  13 |  907.4 |
       Dungeon |  11045 |  10377 |    668 |    925 |   6746 |  10 | 1104.5 |
        Temple |     68 |     68 |      0 |      0 |     44 |   1 |   68.0 |
       Ossuary |    234 |    234 |      0 |      0 |     79 |   1 |  234.0 |
        Bailey |    447 |    447 |      0 |     47 |    187 |   1 |  447.0 |
               +--------+--------+--------+--------+--------+-----+--------+

Top non-repeatable levels by time:
     D:5: 2067 daAuts
     D:7: 1758 daAuts
     D:6: 1328 daAuts
     D:1: 1143 daAuts
     D:9: 1006 daAuts
     D:2: 938 daAuts
     D:8: 928 daAuts
    D:10: 804 daAuts
     D:4: 687 daAuts
  Bailey: 447 daAuts
     D:3: 383 daAuts
 Ossuary: 234 daAuts
  Temple: 68 daAuts
